 Dungeon Crawl Stone Soup version 0.26-a0-651-gb41185065b (webtiles) character file.

Game seed: 11830746873038410994

710 Flugslaktarn the Chopper (level 7, -4/67 HPs)
             Began as a Deep Dwarf Fighter on Oct 6, 2020.
             Slain by Pikel
             ... wielding a +1 whip of electrocution
              (6 damage)
             ... on level 4 of the Dungeon.
             The game lasted 00:00:45 (618 turns).

Flugslaktarn the Chopper (Deep Dwarf Fighter)        Turns: 618, Time: 00:00:45

Health: -4/67      AC:  7    Str: 21    XL:     7   Next: 40%
Magic:  6/6        EV:  5    Int:  9    God:
Gold:   53         SH: 14    Dex: 12    Spells: 6/6 levels left

rFire    . . .     SeeInvis .   a - +0 war axe
rCold    . . .     Faith    .   j - +0 tower shield
rNeg     . . .     Spirit   .   b - +0 scale mail
rPois    .         Reflect  .   (no helmet)
rElec    .         Harm     .   (no cloak)
rCorr    .         Rampage  .   (no gloves)
MR       +....                  (no boots)
Stlth    ..........             (no amulet)
HPRegen  0.00/turn              (no ring)
MPRegen  0.10/turn              (no ring)

@: non-regenerating
A: damage resistance, heal wounds, sense surroundings 1, no regeneration
a: Heal Wounds


You were on level 4 of the Dungeon.
You visited 1 branch of the dungeon, and saw 4 of its levels.

You collected 53 gold pieces.

Inventory:

Hand Weapons
 a - a +0 war axe (weapon)
Armour
 b - a +0 scale mail (worn)
 j - a +0 tower shield (worn)
   (You found it on level 4 of the Dungeon)
Scrolls
 c - a scroll of fog {unknown}
 i - 2 scrolls of identify {unknown}
Potions
 d - a potion of might
 e - 2 potions of heal wounds {unknown}
 f - a potion of lignification {unknown}
 g - a potion of brilliance {unknown}
 h - a potion of curing {unknown}


   Skills:
 * Level 5.1 Fighting
 * Level 5.5 Axes
 + Level 4.8 Armour
 + Level 4.9 Shields


You had 6 spell levels left.
You didn't know any spells.
Your spell library was empty.

Dungeon Overview and Level Annotations

Branches:
Dungeon (4/15)
 Temple: D:4-7

Altars:
Fedhas

Annotations:
D:4 Pikel


Innate Abilities, Weirdness & Mutations

You are resistant to damage.
You can heal yourself by infusing magical energy.
You passively map a small area around you.
You do not regenerate.


Message History

* * * LOW HITPOINT WARNING * * *
You are too injured to fight recklessly!
You are too injured to fight recklessly!
You are too injured to fight recklessly!
You are too injured to fight recklessly!
You are too injured to fight recklessly!
You are too injured to fight recklessly!
You are too injured to fight recklessly!
You are too injured to fight recklessly!
You are too injured to fight recklessly!
You are too injured to fight recklessly!
You are too injured to fight recklessly!
You fail to use your ability.
The phantom blinks!
Pikel hits you with a +1 whip of electrocution!
* * * LOW HITPOINT WARNING * * *
You are electrocuted!
* * * LOW HITPOINT WARNING * * *
You fail to use your ability.
Pikel hits you with a +1 whip of electrocution!
You die...

##.....# ,
,......>
#.....#** * *
####.....# ,
.....(... # *
#....##.# * ,
#..55...# ,
####K#### , *
###@######## *
#.ยง........# ,
, #..........#
* *#..
#..........#
..##..W.......#
*
...#..........#
..#..).......#
#########
..###'########
#.......#
#.###.#


You could see Pikel, a phantom and 2 lemures.

Vanquished Creatures
  Grinder (D:4)
  2 ogres (D:4)
  2 howler monkeys (D:4)
  2 orc wizards
  2 orc priests
  A centaur skeleton (D:4)
  An iguana (D:4)
  A worker ant (D:4)
  An adder (D:3)
  An ooze (D:3)
  A worm (D:3)
  3 leopard geckos
  12 orcs
  A giant cockroach (D:4)
  5 goblins (D:3)
  2 hobgoblins (D:3)
  A quokka (D:2)
  3 bats (D:3)
  2 quokka skeletons (D:4)
  2 rats
46 creatures vanquished.

Notes
Turn   | Place    | Note
-------+----------+-------------------------------------------
     0 | D:1      | Flugslaktarn the Deep Dwarf Fighter began the quest for the
                  | Orb.
     0 | D:1      | Reached XP level 1. HP: 20/20 MP: 1/1
    83 | D:3      | Found a blossoming altar of Fedhas.
   101 | D:3      | Reached XP level 2. HP: 10/27 MP: 2/2
   143 | D:3      | Reached XP level 3. HP: 34/34 MP: 3/3
   145 | D:3      | Reached XP level 4. HP: 40/42 MP: 4/4
   267 | D:4      | Reached XP level 5. HP: 38/50 MP: 4/4
   283 | D:4      | Noticed Grinder
   311 | D:4      | Killed Grinder
   311 | D:4      | Reached XP level 6. HP: 55/58 MP: 5/5
   442 | D:4      | Reached skill level 5 in Axes
   504 | D:4      | Reached XP level 7. HP: 54/66 MP: 6/6
   533 | D:4      | Reached skill level 5 in Fighting
   601 | D:4      | Noticed Pikel
   617 | D:4      | HP: 2/67 [Pikel/+1 whip of electrocution (6)]
   618 | D:4      | Slain by Pikel

Illustrated notes

Levels and vault maps discovered:
D:1:      dpeg_arrival_simpleton_b, layout_loops_cross
D:2:      layout_rooms, chequers_ecumenical_altar_simple_redux, tgw_xom
D:3:      layout_loops_cross, lemuel_crystal_altar,
          gammafunk_temple_overflow_pools
D:4:      layout_basic, serial_shops, shop_statue, due_unseen_surprise,
          uniq_grinder, uniq_pikel

Skill      XL: |  1  2  3  4  5  6  7 |
---------------+----------------------+-----
Fighting       | 3 4 5 |  5.1
Axes           | 3 4 5 |  5.5
Shields        | 4 |  4.9
Armour         | 4 |  4.8

Action                   |  1- 3 |  4- 6 |  7- 9 || total
-------------------------+-------+-------+-------++-------
Melee: War axe           |    37 |   130 |    39 ||   206
 Abil: Heal Wounds       |     1 |     6 |     1 ||     8
Armor: Scale mail        |    35 |    41 |    10 ||    86
Dodge: Dodged            |    19 |    34 |     8 ||    61
Block: Kite shield       |    30 |    43 |       ||    73
       Tower shield      |       |    53 |    28 ||    81

Table legend: (Time is in decaauts)
 A = Elapsed time spent in this place.
 B = Non-inter-level travel time spent in this place.
 C = Inter-level travel time spent in this place.
 D = Time resting spent in this place.
 E = Time spent auto-exploring this place.
 F = Levels seen in this place.
 G = Mean time per level.
                   A        B        C        D        E       F      G
               +--------+--------+--------+--------+--------+-----+--------+
         Total |    700 |    651 |     49 |      0 |    233 |   4 |  175.0 |
       Dungeon |    700 |    651 |     49 |      0 |    233 |   4 |  175.0 |
               +--------+--------+--------+--------+--------+-----+--------+

Top non-repeatable levels by time:
     D:4: 412 daAuts
     D:3: 200 daAuts
     D:1: 44 daAuts
     D:2: 43 daAuts
